 Dungeon Crawl Stone Soup version 0.31-a0-473-g61b50ae490 (webtiles) character file.

Game seed: 11612767558907590289

53 Mickster the Chopper (level 3, -2/34 HPs)
             Began as a Hill Orc Berserker on Aug 6, 2023.
             Was a Follower of Trog.
             Slain by Natasha (7 damage)
             ... on level 2 of the Dungeon.
             The game lasted 00:03:29 (280 turns).

Mickster the Chopper (Hill Orc Berserker)            Turns: 280, Time: 00:03:29

Health: -2/34      AC:  5    Str: 21    XL:     3   Next: 89%
Magic:  3/3        EV: 11    Int:  7    God:    Trog [*.....]
Gold:   23         SH:  0    Dex: 10    Spells: 2/2 levels left

rFire   . . .        a - +0 hand axe
rCold   . . .        (no shield)
rNeg    . . .        e - +0 ring mail
rPois   .            (no helmet)
rElec   .            (no cloak)
rCorr   .            (no gloves)
SInv    .            (no boots)
Will    .....        (no amulet) Stlth
                     (no ring)
HPRegen 0.25/turn    (no ring)
MPRegen 0.08/turn

%: no passive effects
@: hasted and slowed
A: no striking features
a: Renounce Religion, Berserk


You were on level 2 of the Dungeon.
You worshipped Trog.
Trog was aware of your devotion.
You visited 1 branch of the dungeon, and saw 2 of its levels.

You collected 23 gold pieces.

Inventory:

Hand Weapons
 a - a +0 hand axe (weapon)
Missiles
 d - 2 poisoned darts (quivered)
Armour
 b - a +0 animal skin
 e - a +0 ring mail (worn)


   Skills:
 + Level 4.3 Fighting
 + Level 5.2 Axes
 + Level 2.5 Armour
 + Level 1.8 Dodging


You had 2 spell levels left.
You didn't know any spells.
Your spell library was empty.

Dungeon Overview and Level Annotations

Branches:
Dungeon (1/15)

Altars:

Annotations:
D:2 Natasha


Message History

Your Axes skill increases to level 5!
You have reached level 3!
Your experience leads to an increase in your attributes!
Increase (S)trength, (I)ntelligence, or (D)exterity?
You feel stronger. x2
You slash the adder!
You kill the adder!
Trog accepts your kill.
You feel sick.
You are no longer poisoned.
You are no longer berserk.
You are exhausted.
You feel as though you will be slow longer.
You see here the felid corpse of Natasha.
You start resting.
Natasha, Servant of Life and Death comes into view.
You recover from your berserk rage.
Natasha casts a spell at you. The magic dart hits you!
* * * LOW HITPOINT WARNING * * *
Natasha wildly gestures.
Natasha shimmers violently.
You see here the felid corpse of Natasha.
It was a potion of haste.
You feel yourself speed up. Natasha closely misses you.
You barely miss Natasha. Natasha claws you.
* * * LOW HITPOINT WARNING * * *
You closely miss Natasha. Natasha casts a spell at you.
You resist with significant effort.
You hit Natasha.
Natasha is lightly wounded.
Natasha closely misses you.
You hit Natasha but do no damage.
Natasha is lightly wounded.
Natasha completely misses you.
You hit Natasha.
Natasha is heavily wounded.
Natasha claws you!
You die...

#.# #.# #.# ##'## ##
##...## .# ##.....## ##.#
##.......## ##..######
###.........####.........
..'.........'..h@>.......
###.........####†..#####.
##.......## ##..#
##.....## #....# ##...##
#..#.# ##+## #.##.# ###
#.# # ..# # #.. #.# .##
###


You could see Natasha.

Vanquished Creatures
  Natasha (D:2)
  A gnoll (D:1)
  An adder (D:2)
  A bat (D:2)
  An endoplasm (D:1)
  A hobgoblin (D:1)
  A kobold (D:1)
  A quokka (D:1)
  2 frilled lizards (D:1)
  A rat (D:1)
11 creatures vanquished.

Notes
Turn   | Place    | Note
-------+----------+-------------------------------------------
     0 | D:1      | Mickster the Hill Orc Berserker began the quest for the
                  | Orb.
     0 | D:1      | Reached XP level 1. HP: 19/19 MP: 1/1
    36 | D:1      | Reached XP level 2. HP: 11/27 MP: 2/2
   156 | D:1      | You fall into a shaft and drop 1 floor!
   227 | D:2      | Noticed Natasha
   237 | D:2      | Killed Natasha
   238 | D:2      | Reached skill level 5 in Axes
   238 | D:2      | Reached XP level 3. HP: 6/33 MP: 3/3
   271 | D:2      | Noticed Natasha
   280 | D:2      | Slain by Natasha

Illustrated notes

Levels and vault maps discovered:
D:1:      lightli_arrival_quake, layout_loops_cross,
          amcnicky_mini_corridor_feature, minmay_misc_feat_diagonals,
          minmay_misc_feat_roman
D:2:      layout_loops_corners, uniq_natasha

Skill      XL: |  1  2 |
---------------+-------+-----
Fighting       | 4 |  4.3
Axes           | 5 |  5.2
Armour         | |  2.5
Dodging        | |  1.8

Action                     || total
---------------------------++-------
  Melee: Hand axe          ||    33
 Invoke: Berserk           ||     1
    Use: Potion            ||     1
 Armour: Ring mail         ||     7
         Animal skin       ||     7
  Dodge: Dodged            ||    30

Table legend: (Time is in decaauts)
 A = Elapsed time spent in this place.
 B = Non-inter-level travel time spent in this place.
 C = Inter-level travel time spent in this place.
 D = Time resting spent in this place.
 E = Time spent auto-exploring this place.
 F = Levels seen in this place.
 G = Mean time per level.
                   A        B        C        D        E       F      G
               +--------+--------+--------+--------+--------+-----+--------+
         Total |    301 |    296 |      5 |     46 |      0 |   2 |  150.5 |
       Dungeon |    301 |    296 |      5 |     46 |      0 |   2 |  150.5 |
               +--------+--------+--------+--------+--------+-----+--------+

Top non-repeatable levels by time:
     D:1: 157 daAuts
     D:2: 143 daAuts
